 Dungeon Crawl Stone Soup version 0.22-a0-439-gac93bac (webtiles) character file.

39 Mgcat the Chopper (level 3, 0/31 HPs)
             Began as a Hill Orc Berserker on May 29, 2018.
             Was a Follower of Trog.
             Succumbed to an adder's poison
             ... on level 2 of the Dungeon.
             The game lasted 00:01:36 (302 turns).

Mgcat the Chopper (Hill Orc Berserker)               Turns: 302, Time: 00:01:36

Health: 0/31       AC:  5    Str: 20    XL:     3   Next: 47%
Magic:  3/3        EV: 11    Int:  7    God:    Trog [*.....]
Gold:   0          SH:  0    Dex: 10    Spells: 2/2 levels left

rFire    . . .     SeeInvis .   a - +0 hand axe
rCold    . . .     Gourm    .   (no shield)
rNeg     . . .     Faith    .   g - +0 ring mail
rPois    .         Spirit   .   (no helmet)
rElec    .         Reflect  .   (no cloak)
rCorr    .         Harm     .   (no gloves)
MR       .....                  (no boots)
Stlth    ..........             (no amulet)
HPRegen  0.10/turn              (no ring)
MPRegen  0.08/turn              (no ring)

@: lethally poisoned (0 -> -3), berserk cooldown
A: no striking features
a: Berserk, Renounce Religion


You were on level 2 of the Dungeon.
You worshipped Trog.
Trog was aware of your devotion.
You were not hungry.

You visited 1 branch of the dungeon, and saw 2 of its levels.

Inventory:

Hand Weapons
 a - a +0 hand axe (weapon)
Armour
 g - a +0 ring mail (worn)
   (You found it on level 1 of the Dungeon)
Scrolls
 f - 2 scrolls of identify {unknown}
Comestibles
 c - 3 rations
 d - 3 chunks of flesh {@w0}


   Skills:
 - Level 3.6 Fighting
 + Level 5.9 Axes
 - Level 2.1 Armour
 - Level 1.5 Dodging


You had 2 spell levels left.
You didn't know any spells.
Your spell library was empty.

Dungeon Overview and Level Annotations

Branches:
Dungeon (2/15)

Altars:


Message History

Robin is almost dead.
You completely miss the goblin.
You are no longer berserk.
You are exhausted.
You feel yourself slow down.
A goblin comes into view.
The goblin hits you but does no damage.
You hit Robin.
You kill Robin!
Trog accepts your kill.
You have reached level 3!
Your experience leads to an increase in your attributes!
Increase (S)trength, (I)ntelligence, or (D)exterity?
You feel stronger.
You miss the goblin. You closely miss the goblin.
An adder comes into view.
A goblin comes into view.
The goblin hits you with a club. The goblin hits you.
The goblin hits you with a club.
The adder moves out of view.
The adder hisses angrily.
The adder bites you but does no damage. The goblin barely misses you.
The adder bites you but does no damage. The goblin hits you but does no damage.
The adder bites you. The goblin hits you. The adder bites you.
You are poisoned.
The adder poisons you! The goblin hits you but does no damage.
You feel sick. The adder closely misses you.
You feel sick. The adder bites you.
* * * LOW HITPOINT WARNING * * *
You are lethally poisoned!
The adder poisons you!
* * * LOW HITPOINT WARNING * * *
You feel sick.
The goblin no longer looks unusually strong.
The hobgoblin no longer looks unusually strong.
The adder barely misses you.
It was a potion of curing.
You feel better.
The goblin no longer looks unusually strong.
The adder bites you but does no damage. The adder bites you.
* * * LOW HITPOINT WARNING * * *
Okay, then.
Unknown command.
Unknown command.
Okay, then.
Unknown command.
Unknown command.
You miss the adder.
The goblin no longer looks unusually strong. x2
The adder closely misses you. The adder bites you but does no damage.
You hit the adder but do no damage.
The goblin no longer looks unusually strong. x4
The adder bites you but does no damage. x2
You hit the adder.
The adder is lightly wounded.
The adder bites you.
* * * LOW HITPOINT WARNING * * *
The adder bites you.
* * * LOW HITPOINT WARNING * * *
You are poisoned.
The adder poisons you!
You feel better. The adder closely misses you. The adder bites you.
You aren't carrying any potions.
You closely miss the adder.
The adder is lightly wounded.
The adder misses you. The adder closely misses you.
Okay, then.
Unknown command.
You miss the adder.
The adder is lightly wounded.
The adder closely misses you. The adder barely misses you.
You hit the adder.
The adder is moderately wounded.
The adder bites you. x2
* * * LOW HITPOINT WARNING * * *
You miss the adder.
The adder is moderately wounded.
The adder barely misses you. The adder bites you.
* * * LOW HITPOINT WARNING * * *
You are poisoned.
The adder poisons you!
You aren't carrying any potions.
You hit the adder.
The adder is almost dead.
You feel sick. The adder barely misses you. x2
You barely miss the adder.
The adder is almost dead.
You feel sick. The adder closely misses you. x2
You hit the adder.
The adder is almost dead.
You feel sick. The adder barely misses you. The adder closely misses you.
Your ring mail prevents you from hitting the adder.
The adder is almost dead.
You feel yourself speed up. The adder bites you.
* * * LOW HITPOINT WARNING * * *
The adder bites you.
* * * LOW HITPOINT WARNING * * *
You slash the adder!
You kill the adder!
Trog accepts your kill.
You die...

####..#. ... ......
... #....# ..#
#....##.###.
#........... #
#..........
#.#.#####g...).#.##.
#.#..@†gggg.).......
#.#####glg).)....#..
#.#. +.S........#
#.#.###..........#
#.#..............#
#.#..............#
#.#....##+#.##+#.#
#.#....## #.# .#
#.#.....# #.# #


You could see an adder, a hobgoblin, 6 goblins and a frilled lizard.

Vanquished Creatures
  Robin (D:2)
  An adder (D:2)
  A worm (D:2)
  A dart slug (D:2)
  3 bats (D:1)
  2 hobgoblins
  3 kobolds
  A ball python (D:1)
  2 frilled lizards (D:1)
  2 goblins
  2 rats (D:1)
19 creatures vanquished.

Notes
Turn   | Place    | Note
-------+----------+-------------------------------------------
     0 | D:1      | Mgcat the Hill Orc Berserker began the quest for the Orb.
     0 | D:1      | Reached XP level 1. HP: 19/19 MP: 1/1
    91 | D:1      | Reached XP level 2. HP: 15/26 MP: 2/2
   256 | D:2      | Reached skill level 5 in Axes
   271 | D:2      | Noticed Robin
   281 | D:2      | Killed Robin
   281 | D:2      | Reached XP level 3. HP: 26/31 MP: 3/3
   292 | D:2      | HP: 7/31 [adder (1)]
   298 | D:2      | HP: 7/31 [poisoned by an adder]
   301 | D:2      | HP: 1/31 [adder (3)]
   302 | D:2      | Succumbed to an adder's poison

Vault maps used:
D:1:      eino_arrival_tree_alley, eino_curves_02, corexii_corridor_pit,
          st_stairs_6
D:2:      chequers_ecumenical_altar_simple_redux, st_stairs_14,
          grunt_ministairs_13, nicolae_tso_carved_into_rock, uniq_robin

Skill      XL: |  1  2 |
---------------+-------+-----
Axes           | 5 |  5.9
Fighting       | |  3.6
Armour         | |  2.1
Dodging        | |  1.5

Action                   || total
-------------------------++-------
Melee: Hand axe          ||    67
Invok: Berserk           ||     1
  Use: Potion            ||     2
Armor: Ring mail         ||    30
Dodge: Dodged            ||    58

Table legend:
 A = Spawn XP
 B = Non-spawn XP
 C = Spawn XP percentage of total XP
 D = Spawn monster count
 E = Non-spawn monster count
 F = Spawn count percentage of total count
 G = Total turns spent on level
                    A         B        C        D         E        F      G
               +---------+---------+-------+---------+---------+-------+---------
         Total |       0 |      57 |   0.0 |       0 |      19 |   0.0 |   302
               +---------+---------+-------+---------+---------+-------+---------
           D:1 |       0 |      15 |   0.0 |       0 |      12 |   0.0 |   245
           D:2 |       0 |      42 |   0.0 |       0 |       7 |   0.0 |    57
               +---------+---------+-------+---------+---------+-------+---------

Vault maps used:
D:1:      eino_arrival_tree_alley, eino_curves_02, corexii_corridor_pit,
          st_stairs_6
D:2:      chequers_ecumenical_altar_simple_redux, st_stairs_14,
          grunt_ministairs_13, nicolae_tso_carved_into_rock, uniq_robin

Table legend:
 A = Turns spent in this place as a percentage of turns spent in the entire game.
 B = Non-inter-level travel turns spent in this place as a percentage of non-inter-level travel turns spent in the entire game.
 C = Inter-level travel turns spent in this place as a percentage of turns spent in this place.
 D = Turns resting spent in this place as a percentage of non-inter-level travel turns spent in this place.
 E = Turns spent auto-exploring this place as a percentage of non-inter-level travel turns spent in this place.
 F = Non-inter-level travel turns spent in this place divided by the number of levels of this place that you've seen.
                   A       B       C       D       E      F
               +-------+-------+-------+-------+-------+----------------------
         Total | 100.0 | 100.0 |   0.0 |   0.7 |  50.3 | 151.0
       Dungeon | 100.0 | 100.0 |   0.0 |   0.7 |  50.3 | 151.0
               +-------+-------+-------+-------+-------+----------------------

Table legend:
 A = Kills in this place as a percentage of kills in entire the game.
 B = Kills by you in this place as a percentage of kills by you in the entire game.
 C = Kills by friends in this place as a percentage of kills by friends in the entire game.
 D = Other kills in this place as a percentage of other kills in the entire game.
 E = Experience gained in this place as a percentage of experience gained in the entire game.
 F = Experience gained in this place divided by the number of levels of this place that you have seen.
                   A       B       C       D       E      F
               +-------+-------+-------+-------+-------+----------------------
         Total | 100.0 | 100.0 |   N/A |   N/A | 100.0 |  28.5
       Dungeon | 100.0 | 100.0 |   N/A |   N/A | 100.0 |  28.5
               +-------+-------+-------+-------+-------+----------------------
